[Event "ICC tourney 2109 (75 10)"]
[Site "Internet Chess Club"]
[Date "2020.11.07"]
[Round "2"]
[White "bcooke01"]
[Black "kwen2008"]
[Result "1-0"]
[ICCResult "Black resigns"]
[WhiteElo "1964"]
[BlackElo "1711"]
[Opening "Nimzo-Indian: 4.e3 O-O, 5.Bd3 d5"]
[ECO "E51"]
[NIC "NI.06"]
[Time "11:01:23"]
[PlyCount "87"]
[TimeControl "4500+10"]

1. d4 Nf6 2. c4 e6 3. Nc3 Bb4 4. e3 O-O 5. Bd3 d5 6. Nf3 Nbd7 7. O-O h6 8.
a3 Bxc3 9. bxc3 Re8 10. Qc2 e5 11. dxe5 Nxe5 12. Nxe5 Rxe5 13. Rd1 Qe8 14.
cxd5 Rxd5 15. c4 Rd6 16. Bb2 Bg4 17. Re1 Rad8 18. Bxf6 Rxf6 19. f3 Bd7 20.
c5 Re6 21. e4 Qe7 22. Rec1 Qf6 23. Qf2 Ba4 24. Bc4 Re7 25. Rab1 b6 26. cxb6
cxb6 27. Bd5 Bd7 28. Rc7 Be8 29. Rc4 Qd6 30. Rd1 Qf6 31. Qc2 b5 32. Rc5 Qb6
33. Kh1 Red7 34. Rc1 Rd6 35. Qb3 Rf6 36. e5 Rf5 37. Be4 Rh5 38. f4 Qe6 39.
Qxe6 fxe6 40. Rc8 Rxc8 41. Rxc8 Kf7 42. Rxe8 Kxe8 43. Bg6+ Ke7 44. Bxh5 {
Black resigns } 1-0

[Event "ICC tourney 2109 (75 10)"]
[Site "Internet Chess Club"]
[Date "2020.11.07"]
[Round "2"]
[White "chesslead"]
[Black "saisneha"]
[Result "1-0"]
[ICCResult "Black resigns"]
[WhiteElo "2097"]
[BlackElo "1863"]
[Opening "Giuoco Piano"]
[ECO "C50"]
[NIC "IG.02"]
[Time "11:01:27"]
[PlyCount "93"]
[TimeControl "4500+10"]

1. e4 e5 2. Nf3 Nc6 3. Bc4 Bc5 4. O-O Nf6 5. d3 d6 6. c3 h6 7. Nbd2 O-O 8.
h3 Be6 9. Bxe6 fxe6 10. Qb3 Qc8 11. Nc4 Rb8 12. Be3 Bb6 13. Bxb6 axb6 14.
a4 Ra8 15. Ra3 Nh5 16. Qd1 Nf4 17. Kh2 Qd8 18. d4 exd4 19. cxd4 Qf6 20. e5
Qg6 21. Nh4 Qg5 22. g3 d5 23. Nd2 Nh5 24. Rd3 Nb4 25. Rf3 Nf4 26. Rb3 Nfd3
27. Ndf3 Qh5 28. Rxd3 Nxd3 29. Qxd3 Rxa4 30. Ne1 Ra2 31. Qc2 c5 32. dxc5
Qxe5 33. Ng6 Rxb2 34. Nxe5 Rxc2 35. Nxc2 bxc5 36. Nd7 Rc8 37. Rc1 Kf7 38.
Nd4 c4 39. f4 Ke7 40. Ne5 Kd6 41. Re1 Re8 42. f5 exf5 43. Nxc4+ Kd7 44.
Ne5+ Kd6 45. Nxf5+ Kc7 46. Nxg7 b5 47. Nxe8+ { Black resigns } 1-0

[Event "ICC tourney 2109 (75 10)"]
[Site "Internet Chess Club"]
[Date "2020.11.07"]
[Round "2"]
[White "joeandjoe56"]
[Black "RisingRook"]
[Result "0-1"]
[ICCResult "White resigns"]
[WhiteElo "1729"]
[BlackElo "1978"]
[Opening "Sicilian: Taimanov variation"]
[ECO "B49"]
[NIC "SI.40"]
[Time "11:01:50"]
[PlyCount "92"]
[TimeControl "4500+10"]

1. e4 c5 2. Nf3 e6 3. d4 cxd4 4. Nxd4 Nc6 5. Nc3 Qc7 6. Be3 a6 7. Be2 Nf6
8. O-O Bb4 9. Bf3 Ne5 10. Rb1 O-O 11. Nce2 Nxf3+ 12. gxf3 d5 13. Ng3 Rd8
14. Qe2 h5 15. c3 Be7 16. Bg5 dxe4 17. fxe4 Ng4 18. Bxe7 Qxe7 19. h3 Nf6
20. Nxh5 e5 21. Nf5 Bxf5 22. exf5 Nxh5 23. Qxh5 e4 24. Rbd1 e3 25. fxe3
Qxe3+ 26. Kg2 Rxd1 27. Qxd1 Qb6 28. Rf2 Rd8 29. Qe2 Qc6+ 30. Qf3 Qh6 31.
Qxb7 Qg5+ 32. Kh2 Rd1 33. Qg2 Qe3 34. f6 Qe5+ 35. Qg3 Rh1+ 36. Kg2 Rg1+ 37.
Kxg1 Qxg3+ 38. Rg2 Qe1+ 39. Kh2 Qe5+ 40. Kg1 Qxf6 41. a3 Qf3 42. Kh2 f5 43.
Rg3 Qe2+ 44. Rg2 Qe5+ 45. Kg1 Qe3+ 46. Kh2 f4 { White resigns } 0-1

[Event "ICC tourney 2109 (75 10)"]
[Site "Internet Chess Club"]
[Date "2020.11.07"]
[Round "2"]
[White "mikoyansuren"]
[Black "wangfang75"]
[Result "1-0"]
[ICCResult "Black resigns"]
[WhiteElo "1985"]
[BlackElo "1837"]
[Opening "Queen's bishop game"]
[ECO "D02"]
[NIC "QP.08"]
[Time "11:01:21"]
[PlyCount "103"]
[TimeControl "4500+10"]

1. d4 d5 2. Nf3 Nf6 3. Bf4 c6 4. e3 Qb6 5. b3 Bf5 6. Bd3 Ne4 7. O-O h6 8.
c4 Nd7 9. Qc2 Ndf6 10. c5 Qd8 11. b4 Nh5 12. Be5 e6 13. Nc3 Nxc3 14. Bxf5
exf5 15. Qxc3 Be7 16. a4 O-O 17. b5 f6 18. Bg3 g6 19. Qc2 Nxg3 20. hxg3 Kg7
21. Rfb1 Qd7 22. Rb2 Rfb8 23. Rab1 Qc8 24. Qb3 b6 25. bxc6 Qxc6 26. Qb5 Qc7
27. a5 Bd8 28. cxb6 axb6 29. Qxd5 b5 30. Rxb5 Rxa5 31. Rxb8 Rxd5 32. R8b7
Rd7 33. Rxc7 Rxc7 34. Ne1 Be7 35. Nd3 g5 36. Kf1 Kf7 37. Ke2 Rc2+ 38. Kd1
Rc3 39. Kd2 Ra3 40. Rb7 Ra2+ 41. Kc3 Ra3+ 42. Kc4 Kf8 43. Nc5 Ra2 44. Nd3
Ra3 45. Nc5 Ra2 46. Ne6+ Kf7 47. Nd8+ Ke8 48. Nc6 Bf8 49. Kd5 Rc2 50. Na7
Kd8 51. Ke6 Ba3 52. Rb8+ { Black resigns } 1-0

[Event "ICC tourney 2109 (75 10)"]
[Site "Internet Chess Club"]
[Date "2020.11.07"]
[Round "2"]
[White "KittiesRock18"]
[Black "drberkley"]
[Result "1/2-1/2"]
[ICCResult "Game drawn by repetition"]
[WhiteElo "1822"]
[BlackElo "1912"]
[Opening "Pirc: classical (two knights) system"]
[ECO "B08"]
[NIC "PU.10"]
[Time "11:01:30"]
[PlyCount "103"]
[TimeControl "4500+10"]

1. e4 d6 2. Nf3 Nf6 3. Nc3 g6 4. d4 Bg7 5. Bc4 O-O 6. O-O Nxe4 7. Nxe4 d5
8. Bd3 dxe4 9. Bxe4 Nd7 10. Bg5 c5 11. dxc5 Nf6 12. Bxf6 Bxf6 13. Qe1 Qc7
14. Qb4 Rb8 15. Rad1 Be6 16. Bd5 Bf5 17. c3 Rfc8 18. Bb3 Kg7 19. Nd4 Bd7
20. Nb5 Bxb5 21. Qxb5 Qxc5 22. Qd3 Qb6 23. Qf3 Rc5 24. Rd7 Rf5 25. Qe4 Qb5
26. Rfd1 Re5 27. Qg4 h5 28. Qa4 Qe2 29. g3 Qxb2 30. Qxa7 Rc8 31. Qxb7 Rxc3
32. Qb8 Re2 33. Qe8 Rxb3 34. Rd8 Kh6 35. axb3 Rxf2 36. Qc6 Kg7 37. Qh1 Bg5
38. R8d3 Qe2 39. Qd5 Rxh2 40. Qf3 Qb2 41. Rf1 Bf6 42. Rf2 Rxf2 43. Qxf2
Qa1+ 44. Kg2 Qb1 45. Qe3 Qc2+ 46. Kf3 Qb1 47. Kg2 Qc2+ 48. Kf3 Qb1 49. Kg2
Qc2+ 50. Kf3 Qb1 51. Kg2 Qc2+ 52. Kf3 { Game drawn by repetition } 1/2-1/2

[Event "ICC tourney 2109 (75 10)"]
[Site "Internet Chess Club"]
[Date "2020.11.07"]
[Round "2"]
[White "chessisthebest1"]
[Black "canary2016"]
[Result "0-1"]
[ICCResult "White resigns"]
[WhiteElo "1819"]
[BlackElo "1932"]
[Opening "Sicilian: Najdorf"]
[ECO "B90"]
[NIC "SI.14"]
[Time "11:01:27"]
[PlyCount "98"]
[TimeControl "4500+10"]

1. e4 c5 2. Nf3 d6 3. d4 cxd4 4. Nxd4 Nf6 5. Nc3 a6 6. f3 e5 7. Nb3 Be6 8.
Be3 h5 9. Qd2 Nbd7 10. Nd5 Bxd5 11. exd5 g6 12. Be2 Bg7 13. O-O b6 14. c4
O-O 15. Rac1 Rc8 16. Rfd1 Nh7 17. Qe1 f5 18. Nd2 Qe7 19. b4 Nhf6 20. Nb3 f4
21. Bf2 e4 22. fxe4 Nxe4 23. Bd3 Rce8 24. Bxe4 Qxe4 25. Qxe4 Rxe4 26. Kf1
f3 27. gxf3 Ref4 28. Nd2 Ne5 29. Bg3 R4f5 30. Kg2 Bh6 31. Rc3 Bxd2 32. Rxd2
Nxf3 33. Rf2 Ne5 34. Rxf5 Rxf5 35. Bxe5 Rxe5 36. Ra3 Re2+ 37. Kf3 Rb2 38.
Ra4 Kf7 39. a3 a5 40. bxa5 bxa5 41. Rxa5 Rxh2 42. Ra6 Rc2 43. Rxd6 Rxc4 44.
Ra6 g5 45. d6 Ke6 46. Ra5 Rf4+ 47. Ke3 Rg4 48. Rd5 Kxd5 49. d7 Re4+ { White
resigns } 0-1

[Event "ICC tourney 2109 (75 10)"]
[Site "Internet Chess Club"]
[Date "2020.11.07"]
[Round "2"]
[White "TacticalVM"]
[Black "imranchamp"]
[Result "0-1"]
[ICCResult "White checkmated"]
[WhiteElo "1676"]
[BlackElo "1827"]
[Opening "Sicilian: closed"]
[ECO "B23"]
[NIC "SI.44"]
[Time "11:01:28"]
[PlyCount "92"]
[TimeControl "4500+10"]

1. e4 c5 2. Nc3 b6 3. g3 Bb7 4. Bg2 e6 5. d3 a6 6. f4 Qc7 7. Nf3 Nf6 8. O-O
Be7 9. h3 d6 10. Be3 O-O 11. g4 Nfd7 12. Qd2 d5 13. exd5 exd5 14. Ne2 d4
15. Bf2 Nc6 16. Rfe1 Rae8 17. Bg3 g6 18. h4 f5 19. g5 Bd6 20. c3 dxc3 21.
bxc3 c4 22. Ned4 Nxd4 23. Nxd4 Nc5 24. dxc4 Ne4 25. Bxe4 Bxe4 26. Nb3 Rd8
27. Qe3 Rfe8 28. Kh2 Qxc4 29. Qd4 Qxd4 30. Nxd4 Rc8 31. Re2 Rxc3 32. Rd1
Bc5 33. Nb3 Rc8 34. Red2 Be3 35. Rd8+ Rxd8 36. Rxd8+ Kf7 37. Nd4 Ra3 38.
Rd7+ Ke8 39. Rxh7 Rxa2+ 40. Bf2 Rxf2+ 41. Kg3 Rg2+ 42. Kh3 Bxf4 43. Rh8+
Kf7 44. Rh7+ Kg8 45. Rg7+ Kh8 46. Ne6 Rh2# { White checkmated } 0-1

[Event "ICC tourney 2109 (75 10)"]
[Site "Internet Chess Club"]
[Date "2020.11.07"]
[Round "2"]
[White "Priccchess"]
[Black "alexsaidfeghhi"]
[Result "1-0"]
[ICCResult "Black resigns"]
[WhiteElo "1799"]
[BlackElo "1890"]
[Opening "Sicilian: Taimanov (Bastrikov) variation"]
[ECO "B47"]
[NIC "SI.40"]
[Time "11:01:30"]
[PlyCount "81"]
[TimeControl "4500+10"]

1. e4 c5 2. Nf3 e6 3. d4 cxd4 4. Nxd4 Nc6 5. Nc3 Qc7 6. a3 a6 7. Be3 Nf6 8.
Be2 h5 9. Qd2 b5 10. Nxc6 dxc6 11. h3 Bb7 12. Rd1 b4 13. axb4 Bxb4 14. Bd3
c5 15. f3 c4 16. Be2 Qg3+ 17. Kf1 O-O 18. Bf4 Qg6 19. Bxc4 Bxe4 20. fxe4
Nxe4 21. Qe3 Nxc3 22. bxc3 Qxc2 23. Rc1 Qf5 24. Bd3 Qf6 25. cxb4 g5 26. Qe5
Qxf4+ 27. Qxf4 gxf4 28. Ke2 h4 29. Rc4 e5 30. Ra1 Rfd8 31. Re4 Re8 32. Rxa6
Rad8 33. Bc4 Re7 34. Rf6 Kg7 35. Rfxf4 Kg6 36. Rg4+ Kh5 37. Rxh4+ Kg5 38.
Reg4+ Kf5 39. Rg7 Rd4 40. Rxf7+ Rxf7 41. Rxd4 { Black resigns } 1-0

[Event "ICC tourney 2109 (75 10)"]
[Site "Internet Chess Club"]
[Date "2020.11.07"]
[Round "2"]
[White "Natey"]
[Black "IAlwaysWin"]
[Result "0-1"]
[ICCResult "White resigns"]
[WhiteElo "1714"]
[BlackElo "1981"]
[Opening "French: Rubinstein variation"]
[ECO "C03"]
[NIC "FR.07"]
[Time "11:02:09"]
[PlyCount "94"]
[TimeControl "4500+10"]

1. e4 e6 2. d4 d5 3. Nd2 dxe4 4. Nxe4 Nd7 5. Nf3 Ngf6 6. Nxf6+ Nxf6 7. Bd3
Bd6 8. O-O h6 9. c4 O-O 10. b3 b6 11. Bb2 Bb7 12. Bc2 c5 13. Re1 Qc7 14. d5
Rad8 15. Qd3 Rfe8 16. Bxf6 gxf6 17. Qh7+ Kf8 18. Qxh6+ Ke7 19. dxe6 Rg8 20.
exf7+ Kxf7 21. Qh5+ Kf8 22. Nh4 Bxh2+ 23. Kh1 Be5 24. Rad1 Rd4 25. Rxd4
cxd4 26. f4 Bxg2+ 27. Nxg2 Qg7 28. Qf3 Qh6+ 29. Kg1 Bxf4 30. Kf1 Qh1+ 31.
Kf2 Be3+ 32. Nxe3 dxe3+ 33. Ke2 Rg2+ 34. Kd3 Rd2+ 35. Ke4 Qh4+ 36. Qf4 Rd4+
37. Kxd4 Qxf4+ 38. Kd3 Qf5+ 39. Kc3 Qe5+ 40. Kd3 Qf5+ 41. Kc3 Qf2 42. Rh1
Qd2+ 43. Kb2 e2 44. Rh8+ Kg7 45. Rh7+ Kg8 46. Rh1 e1=Q 47. Rxe1 Qxe1 {
White resigns } 0-1

[Event "ICC tourney 2109 (75 10)"]
[Site "Internet Chess Club"]
[Date "2020.11.07"]
[Round "2"]
[White "jpbaligad"]
[Black "Mozart1"]
[Result "0-1"]
[ICCResult "White resigns"]
[WhiteElo "1796"]
[BlackElo "1845"]
[Opening "Ruy Lopez: Marshall, main line, 14...Qh3"]
[ECO "C89"]
[NIC "RL.17"]
[Time "11:01:28"]
[PlyCount "92"]
[TimeControl "4500+10"]

1. e4 e5 2. Nf3 Nc6 3. Bb5 a6 4. Ba4 Nf6 5. O-O Be7 6. Re1 b5 7. Bb3 O-O 8.
c3 d5 9. exd5 Nxd5 10. Nxe5 Nxe5 11. Rxe5 c6 12. d4 Bd6 13. Re1 Qh4 14. g3
Qh3 15. Qf3 Bg4 16. Qg2 Rae8 17. Be3 Qh5 18. Nd2 Bh3 19. Bd1 Qf5 20. Qf3
Qd3 21. Bb3 Rxe3 22. Rxe3 Qxd2 23. Bxd5 cxd5 24. Qxd5 Qxb2 25. Rae1 Ba3 26.
Qb3 Qxb3 27. axb3 Be6 28. Ra1 b4 29. c4 Bb2 30. Rd1 Rd8 31. d5 Kf8 32. Red3
Bf5 33. R3d2 Bc3 34. Ra2 Ke7 35. c5 Rc8 36. d6+ Kd8 37. Rxa6 Rxc5 38. Ra8+
Rc8 39. Ra7 Bc2 40. Rd5 Bxb3 41. Rb5 Be6 42. Rbb7 Bd4 43. Kg2 Bxa7 44. Rxa7
Rb8 45. Ra1 b3 46. Rb1 b2 { White resigns } 0-1

[Event "ICC tourney 2109 (75 10)"]
[Site "Internet Chess Club"]
[Date "2020.11.07"]
[Round "2"]
[White "BadWolf"]
[Black "chessmilano"]
[Result "1-0"]
[ICCResult "Black resigns"]
[WhiteElo "1968"]
[BlackElo "1710"]
[Opening "QGD: exchange, positional line, 6.Qc2"]
[ECO "D36"]
[NIC "QO.16"]
[Time "11:01:25"]
[PlyCount "63"]
[TimeControl "4500+10"]

1. d4 Nf6 2. c4 e6 3. Nc3 d5 4. cxd5 exd5 5. Bg5 c6 6. Qc2 g6 7. f3 h6 8.
Bh4 Na6 9. a3 Bf5 10. e4 dxe4 11. fxe4 Qxd4 12. Bxf6 Qxf6 13. exf5 O-O-O
14. Bd3 Qg5 15. Bxa6 bxa6 16. Nf3 Qe3+ 17. Qe2 Qb6 18. Rd1 Bc5 19. Rxd8+
Qxd8 20. Qxa6+ Kc7 21. Qc4 Re8+ 22. Kf1 Bb6 23. g3 g5 24. Kg2 f6 25. Rd1
Qc8 26. Nb5+ Kb8 27. Nd6 Qd7 28. Rd2 Rf8 29. Qe6 Qc7 30. Ne8 Qb7 31. Qd6+
Ka8 32. Qxf8 { Black resigns } 1-0

[Event "ICC tourney 2109 (75 10)"]
[Site "Internet Chess Club"]
[Date "2020.11.07"]
[Round "2"]
[White "AJ2000"]
[Black "pika0008"]
[Result "0-1"]
[ICCResult "White resigns"]
[WhiteElo "1645"]
[BlackElo "1777"]
[Opening "Sicilian: Labourdonnais-Löwenthal (Kalashnikov) variation"]
[ECO "B32"]
[NIC "SI.32"]
[Time "11:01:33"]
[PlyCount "116"]
[TimeControl "4500+10"]

1. e4 c5 2. Nf3 Nc6 3. d4 cxd4 4. Nxd4 e5 5. Nb5 d6 6. N1c3 a6 7. Na3 Be7
8. Be3 Nf6 9. Nc4 b5 10. Nb6 Rb8 11. Nbd5 O-O 12. Be2 b4 13. Nxf6+ Bxf6 14.
Nd5 Bg5 15. Bxg5 Qxg5 16. O-O Nd4 17. f4 Nxe2+ 18. Qxe2 exf4 19. Rxf4 a5
20. Raf1 Be6 21. h4 Qe5 22. Ne7+ Kh8 23. Kh1 Qxb2 24. Qh5 Rfe8 25. Nc6 Ra8
26. e5 Qc3 27. Nd4 Bd5 28. Nf3 Rxe5 29. Ng5 Qh3+ 30. Nxh3 Rxh5 31. Rd4 Bxa2
32. Rxd6 Rxh4 33. Rfd1 h6 34. Rd8+ Rxd8 35. Rxd8+ Kh7 36. Ra8 Be6 37. Kh2
Bxh3 38. gxh3 Rc4 39. Rxa5 Rxc2+ 40. Kg3 b3 41. Rb5 b2 42. Kf3 Kg6 43. Kg4
f5+ 44. Kf3 Kg5 45. Rb4 Rc3+ 46. Kg2 f4 47. Rxb2 Kh4 48. Rb4 g5 49. Rb6 h5
50. Rh6 Rxh3 51. Rxh5+ Kxh5 52. Kxh3 g4+ 53. Kg2 Kh4 54. Kh2 f3 55. Kh1 g3
56. Kg1 Kh3 57. Kh1 g2+ 58. Kg1 f2+ { White resigns } 0-1

[Event "ICC tourney 2109 (75 10)"]
[Site "Internet Chess Club"]
[Date "2020.11.07"]
[Round "2"]
[White "Vish1080"]
[Black "fireheart"]
[Result "1-0"]
[ICCResult "Black checkmated"]
[WhiteElo "1805"]
[BlackElo "1570"]
[Opening "Réti opening"]
[ECO "A11"]
[NIC "QP.09"]
[Time "11:01:28"]
[PlyCount "121"]
[TimeControl "4500+10"]

1. Nf3 d5 2. c4 c6 3. e3 Nf6 4. Nc3 Bg4 5. cxd5 cxd5 6. Bb5+ Nc6 7. h3 Bd7
8. d4 a6 9. Bxc6 Bxc6 10. Ne5 Qc7 11. Bd2 e6 12. O-O Bd6 13. f4 O-O 14. Rc1
Nd7 15. Qg4 Rae8 16. Na4 f6 17. Nxc6 bxc6 18. Qe2 Qb7 19. Ba5 e5 20. fxe5
fxe5 21. Rxf8+ Rxf8 22. Qc2 Nb8 23. Nb6 Qf7 24. dxe5 Bxe5 25. Qe2 Bg3 26.
Bb4 Re8 27. Rf1 Qc7 28. Qf3 h6 29. Na8 Qb7 30. Qxg3 Qxb4 31. Qc7 Qe7 32.
Qa5 Qxe3+ 33. Kh1 Qe2 34. Rg1 d4 35. Nc7 Rf8 36. Qb6 d3 37. Qb3+ Kh7 38.
Ne6 Re8 39. Nf4 Qd2 40. Qxd3+ Qxd3 41. Nxd3 Re2 42. Rc1 Rd2 43. Rc3 c5 44.
Nxc5 Rxb2 45. a4 Rb6 46. Nd3 Rd6 47. Kh2 Nc6 48. Kg3 Rf6 49. Nf4 Nb4 50.
Rc4 Rb6 51. h4 a5 52. h5 Rc6 53. Re4 Rc3+ 54. Kg4 Ra3 55. Ng6 Rxa4 56. Re8
Nd5+ 57. Kf3 Ra3+ 58. Kf2 Ra2+ 59. Kg1 Ra1+ 60. Kh2 Nf6 61. Rh8# { Black
checkmated } 1-0

[Event "ICC tourney 2109 (75 10)"]
[Site "Internet Chess Club"]
[Date "2020.11.07"]
[Round "2"]
[White "rmauskopf24"]
[Black "Goldenmaknae"]
[Result "1/2-1/2"]
[ICCResult "Game drawn by mutual agreement"]
[WhiteElo "1747"]
[BlackElo "1878"]
[Opening "QGD semi-Slav: 5.e3"]
[ECO "D45"]
[NIC "SL.08"]
[Time "11:01:29"]
[PlyCount "107"]
[TimeControl "4500+10"]

1. d4 d5 2. c4 c6 3. Nf3 Nf6 4. Nc3 e6 5. e3 Bd6 6. g4 h6 7. Rg1 g5 8. Bd2
Nbd7 9. Qc2 b6 10. O-O-O Bb7 11. h4 Rg8 12. hxg5 hxg5 13. e4 Nxe4 14. Nxe4
dxe4 15. Qxe4 Qe7 16. Ne5 Bxe5 17. dxe5 O-O-O 18. Bg2 Nc5 19. Qe2 Nd3+ 20.
Kb1 Qc5 21. Bxg5 Rxg5 22. Rxd3 Rxd3 23. Qxd3 Rxg4 24. Rd1 Qe7 25. Bf3 Rg8
26. c5 Rd8 27. Qxd8+ Qxd8 28. Rxd8+ Kxd8 29. b4 bxc5 30. bxc5 Ke7 31. Bg2
f5 32. f4 Kd7 33. Kb2 Ba6 34. Kc3 Be2 35. Kb4 Kc7 36. Ka5 Kb7 37. a3 Kc7
38. Kb4 Kb7 39. Kc3 Kc7 40. Kd2 Bc4 41. Bf3 Kd7 42. Kc3 Bf1 43. Kb4 Bd3 44.
Ka5 Bc4 45. Bh5 Ke7 46. a4 Bd3 47. Bf3 Kd7 48. Bd1 Bc4 49. Kb4 Bd3 50. Bb3
Be2 51. Kc3 a5 52. Kd4 Bf3 53. Ke3 Bd5 54. Bxd5 { Game drawn by mutual
agreement } 1/2-1/2

[Event "ICC tourney 2109 (75 10)"]
[Site "Internet Chess Club"]
[Date "2020.11.07"]
[Round "2"]
[White "vishalanil"]
[Black "xyzchessdude"]
[Result "0-1"]
[ICCResult "White checkmated"]
[WhiteElo "1829"]
[BlackElo "2014"]
[Opening "Sicilian: Richter-Rauzer, 6...e6"]
[ECO "B62"]
[NIC "SI.27"]
[Time "11:01:26"]
[PlyCount "136"]
[TimeControl "4500+10"]

1. e4 c5 2. Nf3 Nc6 3. d4 cxd4 4. Nxd4 Nf6 5. Nc3 d6 6. Bg5 e6 7. f4 h6 8.
Bh4 Be7 9. Qd3 a6 10. a3 Bd7 11. Be2 Qc7 12. Nb3 b5 13. O-O b4 14. axb4
Nxb4 15. Qd2 O-O 16. Rae1 Rab8 17. e5 dxe5 18. fxe5 Ne4 19. Nxe4 Bxh4 20.
Rd1 Bc6 21. Rf4 Qxe5 22. Rxh4 Bxe4 23. Qe3 Nxc2 24. Qxe4 Qxe4 25. Rxe4 Rxb3
26. Rc1 Rxb2 27. Bd3 Nb4 28. Bf1 Rd8 29. Ra1 Rdd2 30. Ra4 Nd5 31. Rxa6 Rd1
32. Ra8+ Kh7 33. Ra7 Kg6 34. Rg4+ Kf6 35. Rg3 Rb4 36. Rf3+ Rf4 37. Rxf4+
Nxf4 38. Kf2 Rb1 39. Ra3 Rb2+ 40. Kg3 Ne2+ 41. Kf3 Nd4+ 42. Ke4 Rb4 43. Ra2
Nc6+ 44. Ke3 Ne5 45. Rf2+ Kg6 46. Be2 Ng4+ 47. Bxg4 Rxg4 48. h3 Ra4 49. Rb2
f5 50. Rb6 Kf6 51. Kf3 g5 52. Rb5 Ra3+ 53. Kf2 h5 54. Ke2 g4 55. hxg4 hxg4
56. Kf2 Kg5 57. g3 Rf3+ 58. Kg2 Kf6 59. Ra5 Rd3 60. Rb5 Rd2+ 61. Kf1 Rd5
62. Rb4 Ke5 63. Kf2 Rd4 64. Rb5+ Ke4 65. Rb3 Rd2+ 66. Kf1 Rd3 67. Rb4+ Kf3
68. Rb6 Rd1# { White checkmated } 0-1

[Event "ICC tourney 2109 (75 10)"]
[Site "Internet Chess Club"]
[Date "2020.11.07"]
[Round "2"]
[White "gardemarin13"]
[Black "SridharCCA70"]
[Result "0-1"]
[ICCResult "White resigns"]
[WhiteElo "1886"]
[BlackElo "1763"]
[Opening "Alekhine's defense: exchange variation"]
[ECO "B03"]
[NIC "AL.08"]
[Time "11:01:35"]
[PlyCount "98"]
[TimeControl "4500+10"]

1. e4 Nf6 2. e5 Nd5 3. d4 d6 4. c4 Nb6 5. exd6 cxd6 6. Nc3 e6 7. Be3 Be7 8.
Bd3 N8d7 9. a4 Nf6 10. a5 Nbd7 11. Nf3 O-O 12. Bf4 a6 13. O-O Nh5 14. Be3
Nhf6 15. h3 e5 16. d5 Ne8 17. Qc2 g6 18. Ne4 f5 19. Neg5 Ng7 20. Ne6 Nxe6
21. dxe6 Nf6 22. Bh6 e4 23. Bxf8 Qxf8 24. Bxe4 Nxe4 25. Nd4 Bf6 26. Rad1
Bxd4 27. Rxd4 Bxe6 28. Rfd1 Rd8 29. f3 Ng5 30. Qb3 Rd7 31. Qe3 Qh6 32. f4
Ne4 33. Rxe4 fxe4 34. Qxe4 Bf7 35. c5 d5 36. Qe5 Qf8 37. b4 Qd8 38. f5 Re7
39. Qf4 gxf5 40. Qxf5 Bg6 41. Qf4 Re4 42. Qg3 d4 43. Qb3+ Kg7 44. Qc4 Qf6
45. c6 Qxc6 46. Qf1 Qd6 47. Qc4 d3 48. Qc3+ Qd4+ 49. Qxd4+ Rxd4 { White
resigns } 0-1

[Event "ICC tourney 2109 (75 10)"]
[Site "Internet Chess Club"]
[Date "2020.11.07"]
[Round "2"]
[White "irisl"]
[Black "HarleyQueen8"]
[Result "1-0"]
[ICCResult "Black checkmated"]
[WhiteElo "1504"]
[BlackElo "1856"]
[Opening "Sicilian: Sozin, Leonhardt variation"]
[ECO "B88"]
[NIC "SI.26"]
[Time "11:01:30"]
[PlyCount "107"]
[TimeControl "4500+10"]

1. e4 c5 2. Nf3 d6 3. d4 cxd4 4. Nxd4 Nf6 5. Nc3 Nc6 6. Bc4 e6 7. O-O Be7
8. f4 O-O 9. Kh1 a6 10. Be3 Bd7 11. a4 Nxd4 12. Bxd4 Bc6 13. Qf3 Rc8 14.
Bb3 b5 15. axb5 axb5 16. Rfe1 Ra8 17. Rad1 Qc7 18. f5 b4 19. Nb1 e5 20. Bf2
Qb7 21. Nd2 Rfd8 22. Bg3 Rd7 23. h3 Bd8 24. Kh2 Bc7 25. Qe2 Re8 26. Bh4 Bd8
27. Bxf6 Bxf6 28. Nc4 Bb5 29. Qg4 Qc7 30. Ne3 Bc6 31. Bd5 Bb5 32. Ra1 Qc5
33. Bb3 Bc6 34. Ba4 Kh8 35. Bxc6 Qxc6 36. Nd5 Qxc2 37. Re3 Bd8 38. f6 Rg8
39. Qxd7 gxf6 40. Rg1 Qf2 41. Qxf7 Qh4 42. Rf3 Rg6 43. g4 Qg5 44. Rgf1 Rg7
45. Qf8+ Rg8 46. Qxd6 h5 47. Nxf6 hxg4 48. Rf5 Qe3 49. Rh5+ Kg7 50. Rh7+
Kg6 51. Nxg8+ Kxh7 52. Rf7+ Kh8 53. Qxe5+ Kxg8 54. Qg7# { Black checkmated
} 1-0

[Event "ICC tourney 2109 (75 10)"]
[Site "Internet Chess Club"]
[Date "2020.11.07"]
[Round "2"]
[White "FL2009"]
[Black "advaith06"]
[Result "0-1"]
[ICCResult "White forfeits on time"]
[WhiteElo "1833"]
[BlackElo "1973"]
[Opening "Sicilian: Nimzovich-Rossolimo attack (with ...g6, without ...d6)"]
[ECO "B31"]
[NIC "SI.31"]
[Time "11:02:16"]
[PlyCount "90"]
[TimeControl "4500+10"]

1. e4 c5 2. Nf3 Nc6 3. Bb5 g6 4. O-O Bg7 5. Re1 e5 6. c3 Nge7 7. Na3 O-O 8.
Bf1 d6 9. Nc2 h6 10. h3 f5 11. d3 g5 12. exf5 Bxf5 13. Nh2 Ng6 14. Ne3 Be6
15. g3 Qf6 16. Qe2 d5 17. Bg2 Rad8 18. Bd2 Qf7 19. Nc2 Nge7 20. Rad1 Qg6
21. Bc1 h5 22. Rf1 Rf6 23. Bf3 Bf7 24. Bg2 Rf8 25. Nf3 g4 26. Nh4 Qh7 27.
Bg5 Rd6 28. Kh2 Nf5 29. Nxf5 Qxf5 30. h4 Re8 31. Qd2 Qg6 32. Rfe1 Bh6 33.
Bxh6 Qxh6 34. Ne3 d4 35. cxd4 cxd4 36. Nf1 Qxd2 37. Nxd2 Bxa2 38. b3 Nb4
39. Re2 Rd7 40. Ra1 Kg7 41. Ne4 Rc8 42. Rexa2 Nxa2 43. Rxa2 b6 44. Nd2 Rc3
45. Be4 Rdc7 { White forfeits on time } 0-1

[Event "ICC tourney 2109 (75 10)"]
[Site "Internet Chess Club"]
[Date "2020.11.07"]
[Round "3"]
[White "alexsaidfeghhi"]
[Black "Vish1080"]
[Result "1-0"]
[ICCResult "Black checkmated"]
[WhiteElo "1923"]
[BlackElo "1793"]
[Opening "Sicilian: Alapin's variation (2.c3)"]
[ECO "B22"]
[NIC "SI.46"]
[Time "14:31:50"]
[PlyCount "81"]
[TimeControl "4500+10"]

1. e4 c5 2. c3 Nc6 3. d4 cxd4 4. cxd4 d5 5. exd5 Qxd5 6. Nf3 e6 7. Nc3 Bb4
8. Bd3 Nf6 9. O-O Qh5 10. Bg5 Be7 11. Ne2 Nd5 12. Ng3 Qg4 13. h3 Qxg5 14.
Nxg5 Bxg5 15. Qg4 Bh6 16. Qe4 Nf6 17. Qh4 Nd5 18. Ne2 Bd2 19. Rad1 Ba5 20.
Nf4 g5 21. Qxg5 Bd8 22. Qg3 Bc7 23. Qg7 Bxf4 24. Qxh8+ Ke7 25. Qxh7 b6 26.
Bg6 Nd8 27. Be4 Bd6 28. Rfe1 Nf6 29. Qh4 Rb8 30. d5 Ba6 31. dxe6 Nxe6 32.
Bf5 Rg8 33. Rxd6 Kxd6 34. Qxf6 Bb7 35. Rxe6+ fxe6 36. Qxe6+ Kc5 37. Qxg8
Bd5 38. Qc8+ Kb4 39. Bd7 Bc4 40. Qf8+ Ka5 41. Qa3# { Black checkmated } 1-0

[Event "ICC tourney 2109 (75 10)"]
[Site "Internet Chess Club"]
[Date "2020.11.07"]
[Round "3"]
[White "PearsonH"]
[Black "wahoo"]
[Result "1-0"]
[ICCResult "Black checkmated"]
[WhiteElo "1771"]
[BlackElo "1626"]
[Opening "Queen's pawn, Mason variation"]
[ECO "D00"]
[NIC "QP.08"]
[Time "14:31:49"]
[PlyCount "131"]
[TimeControl "4500+10"]

1. d4 d5 2. Bf4 e6 3. e3 Bd6 4. Bg3 Nf6 5. Nd2 Nc6 6. c3 Bd7 7. Ngf3 h6 8.
Bd3 a6 9. Ne5 Qe7 10. f4 b6 11. Qe2 a5 12. e4 O-O 13. Nxc6 Bxc6 14. e5 Nd7
15. exd6 Qxd6 16. O-O Rae8 17. Nf3 f6 18. Rfe1 f5 19. Ne5 Nxe5 20. fxe5 Qe7
21. Rf1 Rf7 22. Qd2 Ba8 23. Be2 Rff8 24. Bf2 c5 25. Rac1 c4 26. Be3 g5 27.
g3 b5 28. Kh1 Bc6 29. h4 Qh7 30. Kg2 gxh4 31. gxh4 f4 32. Rxf4 Rxf4 33.
Bxf4 Qe4+ 34. Bf3 Qg6+ 35. Kh2 Kh7 36. Rg1 Qf5 37. Bd1 Qf7 38. Bxh6 Rg8 39.
Bc2+ Kh8 40. Rxg8+ Qxg8 41. Qg5 Qxg5 42. Bxg5 Be8 43. Bd8 a4 44. Kg3 Kg7
45. Kg4 Kh6 46. Bg5+ Kg7 47. h5 Bxh5+ 48. Kxh5 Kf7 49. Bf6 Ke8 50. Kg6 Kd7
51. Kf7 b4 52. Bd1 a3 53. bxa3 bxc3 54. a4 c2 55. Bxc2 c3 56. a5 Kc6 57.
Kxe6 Kb5 58. Kxd5 Kxa5 59. Kc4 Kb6 60. Kxc3 Kc6 61. e6 Kb6 62. e7 Ka5 63.
e8=Q Kb6 64. Bd8+ Kb7 65. Be4+ Kc8 66. Ba5# { Black checkmated } 1-0